 Dungeon Crawl Stone Soup version 0.17-a0-2231-gd80ca38 (webtiles) character file.

1268 yevrey the Thaumaturge (level 8, 0/42 HPs)
             Began as a Deep Elf Summoner on Nov 1, 2015.
             Was a Follower of Sif Muna.
             Slain by a killer bee (6 damage)
             ... on level 7 of the Dungeon on Nov 2, 2015.
             The game lasted 00:50:31 (7688 turns).

yevrey the Thaumaturge (Deep Elf Summoner)          Turns: 7688, Time: 00:50:31

Health: 0/42       AC:  9    Str:  7    XL:     8   Next: 28%
Magic:  2/23       EV: 14    Int: 23    God:    Sif Muna [*.....]
Gold:   282        SH:  0    Dex: 15    Spells: 4 memorised, 17 levels left

rFire  . . .     SeeInvis .     z - +1 short sword (drain)
rCold  . . .     Clarity  .     v - +2 robe {MR+}
rNeg   + . .     SustAt   .     (no shield)
rPois  .         Gourm    .     J - +2 hat
rElec  .         Spirit   .     (no cloak)
rCorr  .         Warding  +     (no gloves)
rMut   .         Stasis   .     a - +2 pair of boots
MR     ++...                    i - amulet of warding
Stlth  ++........               D - ring of protection from magic
                                g - +2 ring of strength

@: lethally poisoned (0 -> -2), very slightly contaminated, hasted, very quick,
very resistant to hostile enchantments, unstealthy
A: no striking features
a: Channel Energy, Renounce Religion


You were on level 7 of the Dungeon.
You worshipped Sif Muna.
Sif Muna was aware of your devotion.
You were not hungry.

You visited 2 branches of the dungeon, and saw 8 of its levels.

You collected 282 gold pieces.

Inventory:

Hand Weapons
 y - a +0 rapier
 z - a +1 short sword of draining (weapon)
Missiles
 A - 4 javelins (quivered)
 K - 2 poisoned javelins
 M - 13 poisoned arrows
 N - 2 tomahawks
Armour
 a - a +2 pair of boots (worn)
 v - a +2 robe of magic resistance (worn)
 B - the +2 robe "Pyizaotofy" {*Contam rPois rC- SInv}
   (You found it on level 5 of the Dungeon)

   It makes you vulnerable to cold.
   It protects you from poison.
   It lets you see invisible.
   It causes magical contamination when unequipped.
 I - a +1 leather armour of magic resistance
 J - a +2 hat (worn)
Jewellery
 g - a +2 ring of strength (left hand)
 i - an amulet of warding (around neck)
 p - an uncursed amulet of regeneration {unknown}
 D - a ring of protection from magic (right hand)
Scrolls
 f - a scroll of enchant armour
 l - 6 scrolls of remove curse {unknown}
 n - 5 scrolls of recharging {unknown}
 r - a scroll of blinking {unknown}
 s - a scroll of teleportation {unknown}
 u - 3 scrolls of enchant weapon {unknown}
 w - 3 scrolls of fear {unknown}
 E - a scroll of noise {unknown}
 F - a scroll of fog {unknown}
 O - a scroll of holy word {unknown}
 P - a scroll of silence {unknown}
Potions
 d - a potion of resistance {unknown}
 e - a potion of flight {unknown}
 h - 4 potions of curing {unknown}
 j - a potion of haste
 k - a potion of might {unknown}
 o - a potion of invisibility {unknown}
 q - 2 potions of degeneration {unknown}
 t - 2 potions of cancellation {unknown}
 x - a potion of poison {unknown}
 G - a potion of berserk rage {unknown}
 H - a potion of agility {unknown}
 L - a potion of brilliance {unknown}
Books
 b - a book of Callings

   Spells                             Type                      Level
   a - Summon Small Mammal            Summoning                    1
   b - Call Imp                       Summoning                    2
   c - Call Canine Familiar           Summoning                    3
   d - Summon Guardian Golem          Hexes/Summoning              3
   e - Summon Lightning Spire         Summoning/Air                4
   f - Summon Ice Beast               Ice/Summoning                4
Comestibles
 c - 3 bread rations
 m - 2 meat rations
 C - 7 fruits


   Skills:
 + Level 0.8 Fighting
 + Level 1.0 Short Blades
 + Level 4.6 Dodging
 + Level 3.4 Stealth
 + Level 9.5 Spellcasting
 + Level 2.4 Hexes
 + Level 7.3 Summonings


You had 17 spell levels left.
You knew the following spells:

 Your Spells              Type           Power        Failure   Level  Hunger
a - Summon Small Mammal   Summ           ####         1%          1    None
b - Call Imp              Summ           #####...     1%          2    None
c - Call Canine Familiar  Summ           #####...     1%          3    None
d - Summon Guardian Gole  Hex/Summ       ####....     2%          3    None


Dungeon Overview and Level Annotations

Branches:
Dungeon (7/15)             Temple (1/1) D:4

Altars:
Ashenzari
Cheibriados
Dithmenos
Elyvilon
Fedhas
Gozag
Kikubaaqudgha
Makhleb
Nemelex Xobeh
Okawaru
Qazlal
Ru
Sif Muna
Trog
Vehumet
Xom
Yredelemnul
Zin
The Shining One

Shops:
D:6 (


Message History

The killer bee barely misses you. The killer bee barely misses you.
The killer bee closely misses you.
Drink which item? (? for menu, Esc to quit)
You feel yourself speed up. The killer bee barely misses you.
The killer bee barely misses you. The killer bee stings you.
You are poisoned.
The killer bee poisons you! The killer bee closely misses you.
You are very lightly contaminated with residual magic.
You feel sick. The killer bee misses you.
The killer bee stings you but does no damage.
You feel sick. The killer bee closely misses you.
You feel sick. The killer bee stings you!
* * * LOW HITPOINT WARNING * * *
Casting: Call Canine Familiar
Confirm with . or Enter, or press ? or * to list all spells.
You feel sick. The killer bee stings you.
You die...

############# #...........#
#.#########(# #.# #.# #.# #.#
##########.# #.#
##########...yyy@.h.#########.##
..>...........#######..........#
#..........##.........#######..#
#.################### #<.# #.#
##..# #.# ##...## #.# ##.###.#
.#. #.## ##. # # #.# #.


You could see 3 killer bees and a friendly wolf.

Vanquished Creatures
  A crimson imp (D:5)
  A giant gecko (D:7)
  An orc (D:7)
3 creatures vanquished.

Vanquished Creatures (collateral kills)
  Grinder (D:3)
  Sigmund (D:3)
  Eustachio (D:4)
  2 orc warriors (D:6)
  3 sky beasts
  An ogre (D:4)
  2 giant frogs (D:6)
  Blork the orc (D:4)
  A killer bee (D:7)
  A scorpion (D:4)
  Dowan (D:4)
  The ghost of Eldritch the Sneak, a weakling OpAs (D:3)
  2 giant frog zombies (D:7)
  A jelly (D:6)
  4 orc priests
  5 orc wizards
  2 crimson imps
  An iguana (D:6)
  A centaur skeleton (D:4)
  2 worker ants
  10 gnolls
  Robin (D:3)
  7 adders
  A shadow imp (D:7)
  3 adder skeletons
  3 oozes
  4 worms
  7 giant geckos
  26 orcs
  A giant cockroach (D:6)
  19 goblins
  9 hobgoblins
  2 jackals (D:4)
  7 kobolds
  2 quokkas
  A ball python skeleton (D:5)
  4 bats
  A giant gecko zombie (D:5)
  2 giant newts
  A jackal skeleton (D:4)
  5 rats
150 creatures vanquished.

Vanquished Creatures (others)
  Duvessa (D:4)
1 creature vanquished.

Grand Total: 154 creatures vanquished

Notes
Turn   | Place    | Note
--------------------------------------------------------------
     0 | D:1      | yevrey the Deep Elf Summoner began the quest for the Orb.
     0 | D:1      | Reached XP level 1. HP: 10/10 MP: 6/6
   310 | D:1      | Reached XP level 2. HP: 13/15 MP: 6/8
   314 | D:1      | Learned a level 2 spell: Call Imp
  1412 | D:2      | Reached skill level 5 in Summonings
  1960 | D:2      | Reached XP level 3. HP: 19/19 MP: 6/10
  1971 | D:2      | Learned a level 3 spell: Call Canine Familiar
  1975 | D:2      | Learned a level 3 spell: Summon Guardian Golem
  2439 | D:3      | Reached XP level 4. HP: 6/24 MP: 0/12
  3044 | D:3      | Noticed Eldritch's ghost (weakling OpAs)
  3075 | D:3      | Killed Eldritch's ghost
  3122 | D:3      | Reached skill level 5 in Spellcasting
  3220 | D:3      | Noticed Grinder
  3233 | D:3      | Killed Grinder
  3233 | D:3      | Reached skill level 1 in Hexes
  3233 | D:3      | Reached XP level 5. HP: 23/28 MP: 5/15
  3384 | D:3      | Reached skill level 6 in Spellcasting
  3418 | D:3      | Reached XP level 6. HP: 32/32 MP: 7/17
  3553 | D:3      | Noticed Robin
  3574 | D:3      | Killed Robin
  4258 | D:3      | Noticed Sigmund
  4263 | D:3      | Killed Sigmund
  4339 | D:4      | Reached skill level 7 in Spellcasting
  4691 | D:4      | Found a staircase to the Ecumenical Temple.
  4748 | D:4      | Noticed Eustachio
  4767 | D:4      | Killed Eustachio
  4767 | D:4      | Reached XP level 7. HP: 30/37 MP: 6/20
  5188 | D:4      | Noticed Blork the orc
  5206 | D:4      | Killed Blork the orc
  5436 | D:4      | Noticed Dowan
  5437 | D:4      | Noticed Duvessa
  5443 | D:4      | Killed Dowan
  5458 | D:4      | Killed Duvessa
  5645 | D:4      | Found an ancient bone altar of Kikubaaqudgha.
  5678 | Temple   | Entered the Ecumenical Temple
  5769 | Temple   | Became a worshipper of Sif Muna the Loreminder
  5818 | D:5      | Entered Level 5 of the Dungeon
  5852 | D:5      | Got a transparent robe
  5862 | D:5      | Identified the +2 robe "Pyizaotofy" {*Contam rPois rC- SInv} (You found it on level 5 of the Dungeon)
  6061 | D:5      | Reached skill level 8 in Spellcasting
  6311 | D:5      | Found a burning altar of Makhleb.
  6311 | D:5      | Noticed a green death
  6858 | D:6      | Found Guasilolou's Weapon Shoppe.
  7088 | D:6      | Reached XP level 8. HP: 22/42 MP: 17/22
  7090 | D:6      | Reached skill level 1 in Short Blades
  7138 | D:6      | Reached * piety under Sif Muna
  7138 | D:6      | Reached skill level 9 in Spellcasting
  7584 | D:7      | Noticed a cyclops
  7688 | D:7      | Slain by a killer bee

Vault maps used:
D:1:      mrwooster_arrival_arrow
D:2:      first_bread
D:3:      uniq_sigmund, uniq_robin, uniq_grinder
D:4:      kennysheep_little_box, minmay_temple_entry_poolview, uniq_eustachio,
          uniq_duvessa, uniq_blork_the_orc
D:5:      makhleb_altar_promises_db
D:6:      serial_shops, shop
D:7:      serial_shops, shop
Temple:   grunt_circular_temple_18

Action                   |  1- 3 |  4- 6 |  7- 9 || total
-------------------------+-------+-------+-------++-------
Melee: Unarmed           |     1 |       |       ||     1
       Short sword       |       |       |    31 ||    31
       Rapier            |       |       |     1 ||     1
 Cast: Summon Small Mamm |    19 |     7 |       ||    26
       Call Imp          |    24 |    20 |    20 ||    64
       Call Canine Famil |     4 |    16 |    21 ||    41
       Summon Guardian G |     3 |    10 |     9 ||    22
  Use: Scroll            |     4 |     2 |     5 ||    11
       Potion            |     2 |       |     1 ||     3
 Stab: Sleeping          |       |       |     3 ||     3
  Eat: Chunk             |     3 |     3 |     4 ||    10
       Bread ration      |     1 |     1 |       ||     2
       Royal jelly       |       |       |     1 ||     1
       Beef jerky        |       |       |     1 ||     1
